| TOP OF THE 1ST |
|
Philadelphia (APP) Phillies batting - Pitching for Washington (APP) Nationals : RHP Josh Jenkins
|
|
Pitching: RHP Josh Jenkins
|
|
|
Batting: RHB Gary Sampson
|
0-0: Ball 1-0: Ball 2-0: Foul Ball, location: 2F 2-1: Ball 3-1: Base on Balls
|
|
Batting: LHB Eric Farren
|
0-0: Called Strike 0-1: Ball 1-1: Ball 2-1: Ground out 6-3 (Groundball, 6M, EV 100.6 MPH) Gary Sampson to second
|
|
Batting: RHB Kyle Reilly
|
0-0: Ground out 6-3 (Groundball, 6, EV 101.9 MPH)
|
|
Batting: LHB Alex Fernandez
|
0-0: Swinging Strike 0-1: Foul Ball, location: 2F 0-2: Strikes out looking
|
| Top of the 1st over - 0 runs, 0 hits, 0 errors, 1 left on base; Philadelphia (APP) 0 - Washington (APP) 0 |
| BOTTOM OF THE 1ST |
|
Washington (APP) Nationals batting - Pitching for Philadelphia (APP) Phillies : RHP Alex Florez
|
|
Pitching: RHP Alex Florez
|
|
|
Batting: RHB John Savard
|
0-0: Called Strike 0-1: DOUBLE (Line Drive, 7LS, EV 95.0 MPH)
|
|
Batting: RHB Nick Moreno
|
0-0: Called Strike 0-1: Fly out, F8 (Flyball, 8LM, EV 93.8 MPH)
|
|
Batting: RHB Jared Speck
|
0-0: Ball 1-0: Called Strike 1-1: Ball John Savard steals 3rd base 2-1: 2-RUN HOME RUN (Flyball, 78XD, EV 106.9 MPH), Distance : 425 ft
|
|
Batting: RHB Kevin Whitenack
|
0-0: Ball 1-0: Ball 2-0: Foul Ball, location: 2F 2-1: Ball 3-1: Foul Ball, location: 2F 3-2: Base on Balls
|
|
Batting: RHB Jon Buscher
|
0-0: Ball 1-0: Ball 2-0: Ball 3-0: Base on Balls Kevin Whitenack to second
|
|
Batting: RHB Steve Bauman
|
0-0: Called Strike 0-1: Foul Ball, location: 2F 0-2: Strikes out swinging
|
|
Batting: RHB Derek Moran
|
0-0: Ball 1-0: Swinging Strike 1-1: Ground out 4-3 (Groundball, 4, EV 78.8 MPH)
|
| Bottom of the 1st over - 2 runs, 2 hits, 0 errors, 2 left on base; Philadelphia (APP) 0 - Washington (APP) 2 |
| TOP OF THE 2ND |
|
Philadelphia (APP) Phillies batting - Pitching for Washington (APP) Nationals : RHP Josh Jenkins
|
|
Batting: RHB Carlos Morejon
|
0-0: Fly out, F4 (Flyball, 6MD, EV 94.4 MPH)
|
|
Batting: LHB Danny Zuniga
|
0-0: Swinging Strike 0-1: Fly out, F7 (Flyball, 7LS, EV 97.5 MPH)
|
|
Batting: RHB Eduardo Calderon
|
0-0: Called Strike 0-1: Swinging Strike 0-2: Ball 1-2: Strikes out swinging
|
| Top of the 2nd over - 0 runs, 0 hits, 0 errors, 0 left on base; Philadelphia (APP) 0 - Washington (APP) 2 |
| BOTTOM OF THE 2ND |
|
Washington (APP) Nationals batting - Pitching for Philadelphia (APP) Phillies : RHP Alex Florez
|
|
Batting: RHB Naofumi Ishida
|
0-0: SINGLE (Groundball, 4MS, EV 66.2 MPH) (infield hit)
|
|
Batting: RHB Brian Walker
|
0-0: Ball 1-0: Called Strike 1-1: Fielders Choice at 2nd, 3-6 (Groundball, 34, EV 96.9 MPH)
|
|
Batting: RHB John Savard
|
0-0: Swinging Strike 0-1: Ball 1-1: Foul Ball, location: 2F 1-2: Ball 2-2: Fly out, F7 (Flyball, 7D, EV 83.1 MPH)
|
|
Batting: RHB Nick Moreno
|
0-0: SINGLE (Line Drive, 78M, EV 98.8 MPH) Brian Walker to second
|
|
Batting: RHB Jared Speck
|
0-0: Foul Ball, location: 2F 0-1: Swinging Strike 0-2: Ball 1-2: Strikes out swinging
|
| Bottom of the 2nd over - 0 runs, 2 hits, 0 errors, 2 left on base; Philadelphia (APP) 0 - Washington (APP) 2 |
| TOP OF THE 3RD |
|
Philadelphia (APP) Phillies batting - Pitching for Washington (APP) Nationals : RHP Josh Jenkins
|
|
Batting: RHB Vaclav Been
|
0-0: Ball 1-0: Called Strike 1-1: Ball 2-1: Foul Ball, location: 2F 2-2: Ground out 5-3 (Groundball, 5, EV 82.5 MPH)
|
|
Batting: RHB Mark Schultz
|
0-0: Called Strike 0-1: Ball 1-1: Ball 2-1: Ball 3-1: Called Strike 3-2: Strikes out swinging
|
|
Batting: RHB Gary Sampson
|
0-0: Called Strike 0-1: Ball 1-1: Called Strike 1-2: Strikes out swinging
|
| Top of the 3rd over - 0 runs, 0 hits, 0 errors, 0 left on base; Philadelphia (APP) 0 - Washington (APP) 2 |
| BOTTOM OF THE 3RD |
|
Washington (APP) Nationals batting - Pitching for Philadelphia (APP) Phillies : RHP Alex Florez
|
|
Batting: RHB Kevin Whitenack
|
0-0: Called Strike 0-1: Ball 1-1: Foul Ball, location: 2F 1-2: Strikes out swinging, 2-3 out at first.
|
|
Batting: RHB Jon Buscher
|
0-0: Ball 1-0: Ground out 6-3 (Groundball, 6M, EV 92.5 MPH)
|
|
Batting: RHB Steve Bauman
|
0-0: Ball 1-0: Ground out 6-3 (Groundball, 56, EV 89.4 MPH)
|
| Bottom of the 3rd over - 0 runs, 0 hits, 0 errors, 0 left on base; Philadelphia (APP) 0 - Washington (APP) 2 |
| TOP OF THE 4TH |
|
Philadelphia (APP) Phillies batting - Pitching for Washington (APP) Nationals : RHP Josh Jenkins
|
|
Batting: LHB Eric Farren
|
0-0: Ball 1-0: Foul Ball, location: 2F 1-1: Ball 2-1: Ball 3-1: Called Strike 3-2: Base on Balls
|
|
Batting: RHB Kyle Reilly
|
0-0: Ball 1-0: Ball 2-0: Reached on error, E1 (Groundball, 13S, EV 68.8 MPH) Eric Farren to second
|
|
Batting: LHB Alex Fernandez
|
0-0: Foul Ball, location: 2F 0-1: Foul Ball, location: 2F 0-2: Ball 1-2: Foul Ball, location: 2F 1-2: Foul Ball, location: 2F 1-2: Ball 2-2: Strikes out swinging
|
|
Batting: RHB Carlos Morejon
|
0-0: Called Strike Eric Farren is caught stealing 3rd base 2-5 Kyle Reilly to second 0-1: Called Strike 0-2: Ball 1-2: Ball 2-2: Foul Ball, location: 2F 2-2: Ball 3-2: Strikes out swinging
|
| Top of the 4th over - 0 runs, 0 hits, 1 error, 1 left on base; Philadelphia (APP) 0 - Washington (APP) 2 |
| BOTTOM OF THE 4TH |
|
Washington (APP) Nationals batting - Pitching for Philadelphia (APP) Phillies : RHP Alex Florez
|
|
Batting: RHB Derek Moran
|
0-0: Foul Ball, location: 2F 0-1: Foul Ball, location: 2F 0-2: Ball 1-2: Ball 2-2: Strikes out swinging
|
|
Batting: RHB Naofumi Ishida
|
0-0: Foul Ball, location: 2F 0-1: Swinging Strike 0-2: DOUBLE (Flyball, 89XD, EV 108.8 MPH)
|
|
Batting: RHB Brian Walker
|
0-0: Called Strike 0-1: SINGLE (Groundball, 6D, EV 94.4 MPH) Naofumi Ishida to third Runner from 3rd tries for Home, throw by CF and OUT! 8-2 Brian Walker to second
|
|
Batting: RHB John Savard
|
0-0: Called Strike 0-1: Ball 1-1: Foul Ball, location: 2F 1-2: Hit by Pitch
|
|
Batting: RHB Nick Moreno
|
0-0: Ball 1-0: DOUBLE (Line Drive, 9LD, EV 106.2 MPH) Brian Walker scores John Savard to third Runner from 3rd tries for Home, throw by RF and OUT! 9-4-2
|
| Bottom of the 4th over - 1 run, 3 hits, 0 errors, 1 left on base; Philadelphia (APP) 0 - Washington (APP) 3 |
| TOP OF THE 5TH |
|
Philadelphia (APP) Phillies batting - Pitching for Washington (APP) Nationals : RHP Josh Jenkins
|
|
Batting: LHB Danny Zuniga
|
0-0: Ball 1-0: Called Strike 1-1: Foul Ball, location: 2F 1-2: Foul Ball, location: 2F 1-2: Foul Ball, location: 2F 1-2: Ball 2-2: Strikes out swinging
|
|
Batting: RHB Eduardo Calderon
|
0-0: Ball 1-0: Ball 2-0: Foul Ball, location: 2F 2-1: Ball 3-1: Foul Ball, location: 2F 3-2: Base on Balls
|
|
Batting: RHB Vaclav Been
|
0-0: Ball 1-0: Swinging Strike 1-1: Ball 2-1: Called Strike 2-2: Ball 3-2: Base on Balls Eduardo Calderon to second
|
|
Pitching: RHP Halewijn Bos
|
|
|
Batting: RHB Mark Schultz
|
0-0: Foul Ball, location: 2F 0-1: Swinging Strike 0-2: Strikes out swinging
|
|
Batting: RHB Gary Sampson
|
0-0: Foul Ball, location: 2F 0-1: Ball 1-1: Foul Ball, location: 2F 1-2: Strikes out looking
|
| Top of the 5th over - 0 runs, 0 hits, 0 errors, 2 left on base; Philadelphia (APP) 0 - Washington (APP) 3 |
| BOTTOM OF THE 5TH |
|
Washington (APP) Nationals batting - Pitching for Philadelphia (APP) Phillies : RHP Alex Florez
|
|
Batting: RHB Jared Speck
|
0-0: SINGLE (Groundball, 56D, EV 96.9 MPH)
|
|
Batting: RHB Kevin Whitenack
|
0-0: Ball Jared Speck steals 2nd base (no throw) 1-0: Foul Ball, location: 2F 1-1: 2-RUN HOME RUN (Line Drive, 78XD, EV 116.2 MPH), Distance : 469 ft
|
|
Pitching: RHP David LaBounty
|
|
|
Batting: RHB Jon Buscher
|
0-0: Foul Ball, location: 2F 0-1: Ball 1-1: DOUBLE (Flyball, 8RXD, EV 103.8 MPH)
|
|
Batting: RHB Steve Bauman
|
0-0: Ball 1-0: Ball 2-0: Ball 3-0: Called Strike 3-1: Called Strike 3-2: Base on Balls
|
|
Batting: RHB Derek Moran
|
0-0: Called Strike 0-1: Fielders Choice at 2nd, 6-4 (Groundball, 6, EV 77.5 MPH) Jon Buscher to third
|
|
Batting: RHB Naofumi Ishida
|
0-0: Ball Derek Moran steals 2nd base (no throw) 1-0: Fly out, F9 (Flyball, 9LM, EV 86.2 MPH)
|
|
Batting: RHB Brian Walker
|
0-0: Swinging Strike 0-1: Foul Ball, location: 2F 0-2: Ball 1-2: Strikes out swinging
|
| Bottom of the 5th over - 2 runs, 3 hits, 0 errors, 2 left on base; Philadelphia (APP) 0 - Washington (APP) 5 |
| TOP OF THE 6TH |
|
Philadelphia (APP) Phillies batting - Pitching for Washington (APP) Nationals : RHP Halewijn Bos
|
|
Batting: LHB Eric Farren
|
0-0: Fly out, F9 (Flyball, 89S, EV 87.5 MPH)
|
|
Batting: RHB Kyle Reilly
|
0-0: Ball 1-0: Fly out, F8 (Line Drive, 8RD, EV 104.4 MPH)
|
|
Batting: LHB Alex Fernandez
|
0-0: Called Strike 0-1: Ball 1-1: Ball 2-1: Ground out 6-3 (Groundball, 6, EV 81.9 MPH)
|
| Top of the 6th over - 0 runs, 0 hits, 0 errors, 0 left on base; Philadelphia (APP) 0 - Washington (APP) 5 |
| BOTTOM OF THE 6TH |
|
Washington (APP) Nationals batting - Pitching for Philadelphia (APP) Phillies : RHP David LaBounty
|
|
Batting: RHB John Savard
|
0-0: Ball 1-0: Ball 2-0: Called Strike 2-1: Ball 3-1: Ground out 4-3 (Groundball, 4, EV 83.1 MPH)
|
|
Batting: RHB Nick Moreno
|
0-0: Ball 1-0: DOUBLE (Line Drive, 78D, EV 101.2 MPH)
|
|
Pitching: RHP Georgs Felitti
|
|
|
Batting: RHB Jared Speck
|
0-0: Ball 1-0: 2-RUN HOME RUN (Flyball, 7D, EV 100.0 MPH), Distance : 390 ft
|
|
Batting: RHB Kevin Whitenack
|
0-0: Called Strike 0-1: Foul Ball, location: 2F 0-2: Ball 1-2: Ball 2-2: Foul Ball, location: 2F 2-2: Ball 3-2: Strikes out looking
|
|
Batting: RHB Jon Buscher
|
0-0: Called Strike 0-1: Ball 1-1: Ball 2-1: Ground out 1-3 (Groundball, 13S, EV 62.5 MPH)
|
| Bottom of the 6th over - 2 runs, 2 hits, 0 errors, 0 left on base; Philadelphia (APP) 0 - Washington (APP) 7 |
| TOP OF THE 7TH |
|
Philadelphia (APP) Phillies batting - Pitching for Washington (APP) Nationals : RHP Halewijn Bos
|
|
Batting: RHB Carlos Morejon
|
0-0: Ball 1-0: Swinging Strike 1-1: Swinging Strike 1-2: Strikes out swinging
|
|
Batting: LHB Danny Zuniga
|
0-0: Ball 1-0: Fly out, F6 (Popup, 6S, EV 67.5 MPH)
|
|
Batting: RHB Eduardo Calderon
|
0-0: Foul Ball, location: 2F 0-1: Called Strike 0-2: Strikes out swinging
|
| Top of the 7th over - 0 runs, 0 hits, 0 errors, 0 left on base; Philadelphia (APP) 0 - Washington (APP) 7 |
| BOTTOM OF THE 7TH |
|
Washington (APP) Nationals batting - Pitching for Philadelphia (APP) Phillies : RHP Georgs Felitti
|
|
Batting: RHB Steve Bauman
|
0-0: Ball 1-0: Called Strike 1-1: Foul Ball, location: 2F 1-2: Ground out 5-3 (Groundball, 56S, EV 86.9 MPH)
|
|
Batting: RHB Derek Moran
|
0-0: Called Strike 0-1: Ball 1-1: Ball 2-1: Ball 3-1: Foul Ball, location: 2F 3-2: Ground out 5-3 (Groundball, 56, EV 96.9 MPH)
|
|
Batting: RHB Naofumi Ishida
|
0-0: Called Strike 0-1: Foul Ball, location: 2F 0-2: Foul Ball, location: 2F 0-2: Hit by Pitch
|
|
Batting: RHB Brian Walker
|
0-0: Foul Ball, location: 2F 0-1: Reached on error, E5 (Groundball, 56S, EV 80.0 MPH) Naofumi Ishida to second
|
|
Batting: RHB John Savard
|
0-0: Ball 1-0: Ground out U3 (Groundball, 34, EV 80.0 MPH)
|
| Bottom of the 7th over - 0 runs, 0 hits, 1 error, 2 left on base; Philadelphia (APP) 0 - Washington (APP) 7 |
| TOP OF THE 8TH |
|
Philadelphia (APP) Phillies batting - Pitching for Washington (APP) Nationals : RHP Halewijn Bos
|
|
Batting: RHB Vaclav Been
|
0-0: Called Strike 0-1: Ball 1-1: Fly out, F7 (Flyball, 7LM, EV 100.0 MPH)
|
|
Pitching: RHP Chris Lawrence
|
|
|
Batting: RHB Mark Schultz
|
0-0: Ball 1-0: Foul Ball, location: 2F 1-1: Swinging Strike 1-2: Ball 2-2: Ball 3-2: Fly out, F8 (Flyball, 8LD, EV 108.8 MPH)
|
|
Batting: RHB Gary Sampson
|
0-0: Ball 1-0: Ball 2-0: Ball 3-0: Called Strike 3-1: Base on Balls
|
|
Batting: LHB Eric Farren
|
0-0: DOUBLE (Line Drive, 9LM, EV 102.5 MPH) Gary Sampson to third Runner from 3rd tries for Home, SAFE, throw by RF to home
|
|
Batting: RHB Kyle Reilly
|
0-0: Ball 1-0: Called Strike 1-1: Ball 2-1: Ball 3-1: SINGLE (Groundball, 6MS, EV 86.2 MPH) (infield hit) Eric Farren to third
|
|
Batting: LHB Alex Fernandez
|
0-0: SINGLE (Line Drive, 89M, EV 88.1 MPH) Eric Farren scores Kyle Reilly to second Runner from 2nd tries for 3rd, SAFE, throw by RF made to third
|
|
Pitching: LHP Mike Bigos
|
|
|
Batting: RHB Carlos Morejon
|
0-0: Ball 1-0: Called Strike 1-1: Called Strike 1-2: Ball 2-2: Foul Ball, location: 2F 2-2: Foul Ball, location: 2F 2-2: Strikes out swinging
|
| Top of the 8th over - 2 runs, 3 hits, 0 errors, 2 left on base; Philadelphia (APP) 2 - Washington (APP) 7 |
| BOTTOM OF THE 8TH |
|
Washington (APP) Nationals batting - Pitching for Philadelphia (APP) Phillies : RHP Georgs Felitti
|
|
Batting: RHB Nick Moreno
|
0-0: Ground out 6-3 (Groundball, 6M, EV 86.9 MPH)
|
|
Batting: RHB Jared Speck
|
0-0: Called Strike 0-1: Ball 1-1: Ball 2-1: Ball 3-1: Called Strike 3-2: DOUBLE (Line Drive, 5D, EV 103.8 MPH)
|
|
Pitching: LHP Ignacio Amaya
|
|
|
Batting: RHB Kevin Whitenack
|
0-0: Called Strike 0-1: Called Strike 0-2: Ball Wild Pitch! Jared Speck to third 1-2: Strikes out swinging
|
|
Batting: RHB Jon Buscher
|
0-0: SINGLE (Groundball, 34D, EV 94.4 MPH) Jared Speck scores
|
|
Batting: RHB Steve Bauman
|
0-0: Swinging Strike 0-1: Ball 1-1: Fielders Choice at 2nd, U4 (Groundball, 4M, EV 106.2 MPH)
|
| Bottom of the 8th over - 1 run, 2 hits, 0 errors, 1 left on base; Philadelphia (APP) 2 - Washington (APP) 8 |
| TOP OF THE 9TH |
|
Philadelphia (APP) Phillies batting - Pitching for Washington (APP) Nationals : LHP Mike Bigos
|
|
Batting: LHB Danny Zuniga
|
0-0: Ball 1-0: Ball 2-0: Called Strike 2-1: Ball 3-1: Fly out, F7 (Flyball, 7, EV 85.0 MPH)
|
|
Batting: RHB Eduardo Calderon
|
0-0: Ball 1-0: Called Strike 1-1: DOUBLE (Flyball, 8LXD, EV 110.6 MPH)
|
|
Batting: RHB Vaclav Been
|
0-0: Foul Ball, location: 2F 0-1: Ball 1-1: Ball 2-1: Swinging Strike 2-2: SINGLE (Line Drive, 89S, EV 101.9 MPH) Eduardo Calderon to third
|
|
Pitching: RHP Brian Walker
|
|
|
Batting: RHB Mark Schultz
|
0-0: Swinging Strike 0-1: Ball 1-1: Called Strike 1-2: Strikes out swinging
|
|
Batting: RHB Gary Sampson
|
0-0: Ball 1-0: Called Strike 1-1: Fielders Choice at 2nd, 6-4 (Groundball, 6, EV 101.9 MPH)
|
| Top of the 9th over - 0 runs, 2 hits, 0 errors, 2 left on base; Philadelphia (APP) 2 - Washington (APP) 8 |
|